 Dungeon Crawl Stone Soup version 0.30.1-3-gfc49f6343a (webtiles) character file.

Game seed: 17916516302762606354

6665 Anriel the Skirmisher (level 10, -8/59 HPs)
             Began as a Deep Elf Hunter on July 28, 2023.
             Was an Elder of Okawaru.
             Mangled by an ice devil (12 damage)
             ... summoned by an orc high priest
             ... in a bailey.
             The game lasted 00:54:59 (7942 turns).

Anriel the Skirmisher (Deep Elf Hunter)             Turns: 7942, Time: 00:55:01

Health: -8/59      AC: 14    Str: 25    XL:     10   Next: 73%
Magic:  19/19      EV: 24    Int: 15    God:    Okawaru [****..]
Gold:   613        SH:  0    Dex: 27    Spells: 16/19 levels left

rFire   + + .        p - +4 sling "Cotzuh" {heavy, rPois rC- Str+8 Dex-3}
rCold   x . .        (no shield)
rNeg    + . .        f - +2 ring mail of the Everdark {Str+3 Dex+6}
rPois   +            (no helmet)
rElec   .            h - +2 cloak {rPois}
rCorr   +            s - +2 pair of gloves of the Armadillo {rF++ rN+ rCorr Stlth+}
SInv    .            (no boots)
Will    +....        A - amulet "Buununow" {Regen+ Dex+2 Slay+3}
Stlth   ++++         g - +6 ring of strength
HPRegen 1.09/turn    n - +5 ring of evasion
MPRegen 0.16/turn

%: no passive effects
@: no status effects
A: no striking features
a: Renounce Religion, Heroism, Finesse


You were in a bailey.
You worshipped Okawaru.
Okawaru was greatly pleased with you.
You visited 2 branches of the dungeon, and saw 10 of its levels.
You also visited: Bailey.

You collected 613 gold pieces.

Inventory:

Hand Weapons
 a - a +1 shortbow
 p - the +4 sling "Cotzuh" (weapon) {heavy, rPois rC- Str+8 Dex-3}
   (You took it off an orc on level 3 of the Dungeon)

   Str:       It affects your strength (+8).
   Dex:       It affects your dexterity (-3).
   rC:        It makes you vulnerable to cold.
   rPois:     It protects you from poison.
Armour
 f - the +2 ring mail of the Everdark (worn) {Str+3 Dex+6}
   (You found it on level 8 of the Dungeon)

   Str:       It affects your strength (+3).
   Dex:       It affects your dexterity (+6).
 h - a +2 cloak of poison resistance (worn)
 j - a +2 robe of cold resistance
 r - a scarf of resistance
 s - the +2 pair of gloves of the Armadillo (worn) {rF++ rN+ rCorr Stlth+}
   (You found it on level 9 of the Dungeon)

   rF:        It greatly protects you from fire.
   rN:        It protects you from negative energy.
   rCorr:     It protects you from acid and corrosion.
   Stlth:     It makes you more stealthy.
Jewellery
 d - an amulet of reflection
 g - a +6 ring of strength (left hand)
 m - a ring of resist corrosion
 n - a +5 ring of evasion (right hand)
 z - a ring of protection from cold
 A - the amulet "Buununow" (around neck) {Regen+ Dex+2 Slay+3}
   (You acquired it in a bailey)

   [amulet of regeneration]

   Dex:       It affects your dexterity (+2).
   Slay:      It affects your accuracy & damage with ranged weapons and melee
   (+3).
   Regen:     It increases your rate of health regeneration.
Wands
 v - a wand of flame (37)
Scrolls
 b - 4 scrolls of immolation
 q - a scroll of silence
 u - 3 scrolls of teleportation
 w - a scroll of magic mapping
 x - a scroll of amnesia
 y - a scroll of identify
Potions
 c - 2 potions of might
 i - 3 potions of brilliance
 k - a potion of cancellation
 l - a potion of magic
 o - a potion of flight


   Skills:
 - Level 5.2 Fighting
 + Level 10.9 Ranged Weapons
 - Level 5.0 Armour
 + Level 8.8 Dodging
 - Level 5.1 Stealth
 - Level 5.1 Spellcasting
 - Level 6.0 Hexes
 + Level 5.0 Invocations
 * Level 4.0 Evocations


You had 16 spell levels left.
You knew the following spells:

 Your Spells              Type           Power      Damage    Failure   Level
a - Confusing Touch       Hex            22%        N/A       6%          3

Your spell library contained the following spells:

 Spells                   Type           Power      Damage    Failure   Level
 Kiss of Death            Conj/Necr      12%        2d6       24%         1
 Static Discharge         Conj/Air       6%         2-3/arc   34%         2
 Hailstorm                Conj/Ice       3%         3d3       56%         3
 Airstrike                Air            1%         2d(1-17)  93%         4
 Dispel Undead            Necr           3%         3d7       93%         4
 Ice Form                 Ice/Tmut       3%         N/A       93%         4
 Summon Lightning Spire   Summ/Air       Unusable   N/A       N/A         4
 Simulacrum               Ice/Necr       Unusable   N/A       N/A         6

Dungeon Overview and Level Annotations

Branches:
Dungeon (9/15)             Temple (1/1) D:7          Bailey (1/1)
   Lair: D:8-11         Orc: D:9-12

Altars:
Ashenzari
Cheibriados
Dithmenos
Elyvilon
Fedhas
Gozag
Hepliaklqana
Kikubaaqudgha
Makhleb
Nemelex Xobeh
Okawaru
Qazlal
Ru
Sif Muna
Trog
Uskayaw
Vehumet
Wu Jian
Xom
Yredelemnul
Zin
The Shining One


Message History

The barbs in your skin will harm you if you move.
Continue?
Okay, then.
Magic scrolls do not work when you're silenced!
You feel better. The red devil completely misses you.
The ice devil closely misses you. The red devil closely misses you.
The ice devil misses you. The red devil misses you.
The ice devil barely misses you.
You carefully extract the barbed spikes from your body.
The red devil hits you from afar with a +0 trident!
* * * LOW HITPOINT WARNING * * *
Barbed spikes become lodged in your body.
The ice devil closely misses you. The red devil misses you.
The ice devil hits you but does no damage.
The red devil closely misses you. The ice devil completely misses you.
The red devil hits you from afar with a +0 trident.
* * * LOW HITPOINT WARNING * * *
Barbed spikes become lodged in your body.
The ice devil completely misses you.
The orc sorcerer mumbles some strange words.
The red devil closely misses you. The ice devil misses you.
Okay, then.
The ice devil completely misses you.
The orc sorcerer casts a spell.
The red devil completely misses you. The ice devil misses you.
Your magical effects are unravelling.
You feel magically purged.
You flicker back into view.
Your hearing returns.
The ice devil completely misses you. The red devil completely misses you.
Fire: p) +4 sling "Cotzuh" {heavy, rPois rC- Str+8 Dex-3}
Press: ? - help, Q - select action, (/) - cycle Shift-Dir - straight line, f/p - orc sorcerer
Aim: an orc sorcerer, wielding a +0 war axe and wearing a +0 ring mail (72% to hit)
You shoot a sling bullet.
The sling bullet closely misses the ice devil.
The sling bullet hits the orc sorcerer but does no damage.
You carefully extract the barbed spikes from your body.
The ice devil hits you!
* * * LOW HITPOINT WARNING * * *
The ice devil freezes you!
You feel a terrible chill!
You die...

≈≈≈≈ #.').......∩.....).)'.#≈≈≈≈≈
≈≈≈≈≈###..######.######..###≈≈≈≈≈
≈≈≈≈≈#....#...#...#.??#..).#≈≈≈≈≈
≈≈≈≈≈#....#...#...#.!?#..).#≈≈≈≈≈
≈≈≈≈≈#'#'##+###8.8###+##)#'#≈≈≈≈≈
≈≈≈≈≈~.#..# #...# #).#.~≈≈≈≈≈
≈≈≈≈≈~.#..# #8.8# #..#.~≈≈≈≈≈
≈≈≈≈≈~.#..# #...# #).#.~≈≈≈≈≈
≈≈≈≈≈~.#..# #.@.# #).#.~≈≈≈≈≈
≈≈≈≈≈~.#))# ##4## #..#.~≈≈≈≈≈
≈≈≈≈≈~.##)#


4oo #'##.~≈≈≈≈≈ ≈≈≈≈≈~.#).# .4g.. #..#.~≈≈≈≈≈ ≈≈≈≈≈~.#.8# ....... #8.#.~≈≈≈≈≈
≈≈≈≈≈~.#..# ......... #..#.~≈≈≈≈≈ ≈≈≈≈≈~.#.8#############8.#)~≈≈≈≈≈
≈≈≈≈≈~.#.....#######.....#.~≈≈≈≈≈ ≈≈≈≈≈~.#.8...#.....#...8.#.~≈≈≈≈≈ You could
see an orc high priest, 2 ice devils, an orc sorcerer, a red devil (summoned)
and a goblin.

Vanquished Creatures
  Grinder (D:5)
  2 hornets
  2 wyverns
  11 yaks
  2 steam dragons
  2 water moccasins
  Duvessa (D:6)
  2 ice beasts (D:6)
  11 orc warriors
  3 ogres
  The ghost of Destapler the Sneak, an amateur NaAE (D:3)
  2 centaurs
  2 phantoms (D:5)
  A kobold brigand (D:9)
  Blork the orc (D:4)
  4 wights (D:9)
  Dowan (D:6)
  4 killer bees (D:9)
  2 howler monkeys (D:8)
  4 electric eels (Bailey)
  2 jellies (D:5)
  2 hounds (D:5)
  Crazy Yiuf (D:6)
  3 orc priests
  5 iguanas
  2 sleepcaps
  8 orc wizards
  11 gnolls
  7 adders
  A shadow imp (D:7)
  A white imp (D:6)
  3 dart slugs
  41 orcs
  9 ball pythons
  2 endoplasms
  2 giant cockroaches
  13 goblins
  8 hobgoblins
  7 jackals
  15 kobolds
  A quokka (D:2)
  2 bats
  3 frilled lizards
  5 rats
213 creatures vanquished.

Vanquished Creatures (others)
  An orc wizard (D:4)
  An orc (D:3)
2 creatures vanquished.

Grand Total: 215 creatures vanquished

Notes
Turn   | Place    | Note
-------+----------+-------------------------------------------
     0 | D:1      | Anriel the Deep Elf Hunter began the quest for the Orb.
     0 | D:1      | Reached XP level 1. HP: 12/12 MP: 3/3
   495 | D:1      | Reached XP level 2. HP: 17/17 MP: 4/4
   828 | D:3      | Found a runed translucent gate.
   829 | D:3      | Found a runed translucent gate.
   830 | D:3      | Found a runed translucent gate.
   834 | D:3      | Noticed Destapler's ghost (amateur NaAE)
   834 | D:3      | Identified the +4 sling "Cotzuh" {heavy, rPois rC- Str+8
                  | Dex-3}
  1059 | D:3      | Reached XP level 3. HP: 21/21 MP: 5/5
  1722 | D:2      | Reached XP level 4. HP: 27/27 MP: 6/6
  1882 | D:4      | HP: 1/27 [hobgoblin (3)]
  2081 | D:4      | Reached skill level 6 in Ranged Weapons
  2134 | D:4      | Noticed Blork the orc
  2290 | D:4      | Reached XP level 5. HP: 32/32 MP: 7/7
  2653 | D:4      | Killed Blork the orc
  2654 | D:4      | Reached XP level 6. HP: 37/37 MP: 8/8
  2804 | D:5      | Entered Level 5 of the Dungeon
  2832 | D:5      | Found a bloodstained altar of Trog.
  2913 | D:5      | Reached XP level 7. HP: 43/43 MP: 9/9
  2944 | D:5      | Reached skill level 7 in Ranged Weapons
  3121 | D:5      | Learned a level 3 spell: Confusing Touch
  3139 | D:5      | Found a sacrificial altar of Ru.
  3160 | D:5      | Reached skill level 5 in Dodging
  3218 | D:5      | Reached skill level 5 in Stealth
  3617 | D:5      | Noticed Grinder
  3629 | D:5      | Killed Grinder
  3630 | D:5      | Reached skill level 5 in Fighting
  3630 | D:5      | Reached skill level 1 in Armour
  3630 | D:5      | Reached XP level 8. HP: 27/49 MP: 10/13
  3927 | D:3      | Killed Destapler's ghost
  4052 | D:6      | Reached skill level 8 in Ranged Weapons
  4381 | D:6      | Found a shadowy altar of Dithmenos.
  4487 | D:6      | Found a runed translucent door.
  4488 | D:6      | Noticed Crazy Yiuf
  4493 | D:6      | Killed Crazy Yiuf
  4653 | D:6      | Noticed Duvessa
  4653 | D:6      | Noticed Dowan
  4658 | D:6      | Killed Duvessa
  4661 | D:6      | Killed Dowan
  4766 | D:6      | Noticed a hornet
  5325 | D:7      | Noticed a hornet
  5453 | D:7      | Reached XP level 9. HP: 49/54 MP: 17/17
  5497 | D:7      | Found a staircase to the Ecumenical Temple.
  5510 | Temple   | Entered the Ecumenical Temple
  5568 | Temple   | Became a worshipper of Warmaster Okawaru
  5946 | D:6      | Reached skill level 9 in Ranged Weapons
  5946 | D:6      | Reached skill level 5 in Spellcasting
  6178 | D:8      | Reached skill level 1 in Hexes
  6186 | D:8      | Reached * piety under Okawaru
  6189 | D:8      | Reached skill level 5 in Armour
  6193 | D:8      | Reached skill level 1 in Invocations
  6268 | D:8      | Found a basalt altar of Yredelemnul.
  6310 | D:8      | Identified the +2 ring mail of the Everdark {Str+3 Dex+6}
  6379 | D:8      | Found a sparkling altar of Nemelex Xobeh.
  6515 | D:8      | Reached ** piety under Okawaru
  6857 | D:9      | Identified the +2 pair of gloves of the Armadillo {rF++ rN+
                  | rCorr Stlth+}
  6871 | D:9      | Reached XP level 10. HP: 59/59 MP: 19/19
  6876 | D:9      | Reached skill level 10 in Ranged Weapons
  6914 | D:9      | Found an opulent altar of Gozag.
  7036 | D:9      | Reached skill level 5 in Invocations
  7192 | D:9      | Reached skill level 1 in Evocations
  7342 | D:9      | Reached *** piety under Okawaru
  7344 | D:9      | Reached skill level 5 in Hexes
  7446 | D:9      | Found a flagged portal.
  7459 | Bailey   | Entered a bailey
  7663 | Bailey   | Acquired the amulet "Buununow" {Regen+ Dex+2 Slay+3}
  7842 | Bailey   | Reached **** piety under Okawaru
  7922 | Bailey   | Found an iron altar of Okawaru.
  7922 | Bailey   | Noticed an orc sorcerer
  7922 | Bailey   | Noticed an orc high priest
  7939 | Bailey   | Noticed a rust devil
  7942 | Bailey   | Mangled by an ice devil

Illustrated notes

Levels and vault maps discovered:
D:1:      sevenhm_arrival_forest_fort_small_6, layout_basic
D:2:      layout_loops_cross
D:3:      layout_rooms, biasface_ghost_orc_armoury
D:4:      layout_loops_ring, chequers_avenue, grunt_ministairs_7,
          uniq_blork_the_orc
D:5:      layout_gridville, nicolae_ru_awakened_eye, lemuel_tele_altar,
          uniq_grinder
D:6:      layout_basic, nicolae_dithmenos_shadow_blocks,
          uniq_crazy_yiuf_cottage, uniq_duvessa
D:7:      layout_rooms, minmay_temple_entry_offerings
D:8:      layout_rooms, mainiacjoe_overflow_alcove_2, nemelex_altar_shiori
D:9:      layout_loops_ring, lemuel_round_altar, enter_bailey_7
Temple:   nicolae_temple_x_marks_the_god
Bailey:   bailey_axe_of_yendor_kennysheep, bailey

Skill      XL: |  1  2  3  4  5  6  7  8  9 10 |
---------------+-------------------------------+-----
Fighting       | 2 3 4 5 |  5.2
Stealth        | 2 3 4 5 |  5.1
Dodging        | 3 4 5 6 7 8 |  8.8
Ranged Weapons | 6 7 8 9 10 | 10.9
Armour         | 1 3 5 |  5.0
Spellcasting   | 2 4 5 |  5.1
Hexes          | 3 6 |  6.0
Invocations    | 3 5 |  5.0
Evocations     | 4 |  4.0

Action                     |  1- 3 |  4- 6 |  7- 9 | 10-12 || total
---------------------------+-------+-------+-------+-------++-------
   Fire: Shortbow          |    97 |   121 |   151 |       ||   369
         Sling             |       |       |   144 |   191 ||   335
    Use: Scroll            |     4 |     4 |    12 |     3 ||    23
         Potion            |       |     3 |     4 |     3 ||    10
 Armour: Leather armour    |     4 |     5 |     4 |       ||    13
         Robe              |       |       |     7 |       ||     7
         Ring mail         |       |       |     8 |    14 ||    22
  Dodge: Dodged            |    12 |    42 |   133 |   144 ||   331
  Block: Other             |     2 |    14 |    32 |    20 ||    68
         Reflection        |       |       |     1 |     2 ||     3
